 Dungeon Crawl Stone Soup version 0.30-a0-782-ge64f9170bb (webtiles) character file.

Game seed: 2085557447392801448

336 mopl the Trooper (level 6, -8/39 HPs)
             Began as a Gargoyle Fighter on Mar 9, 2023.
             Mangled by an orc warrior
             ... wielding a +0 long sword
              (9 damage)
             ... on level 4 of the Dungeon.
             The game lasted 00:03:17 (2661 turns).

mopl the Trooper (Gargoyle Fighter)                 Turns: 2661, Time: 00:03:17

Health: -8/39      AC: 15    Str: 20    XL:     6   Next: 54%
Magic:  6/6        EV:  7    Int:  8    God:
Gold:   138        SH:  4    Dex: 11    Spells: 5/5 levels left

rFire   + . .      SeeInvis .    a - +0 flail
rCold   . . .      Faith    .    c - +0 buckler
rNeg    + . .      Spirit   .    t - +0 chain mail
rPois   ∞          Reflect  .    s - +0 helmet
rElec   +          Harm     .    (no cloak)
rCorr   .          Rampage  .    (no gloves)
Will    .....                    (no boots) Stlth
                                 (no amulet)
HPRegen 0.26/turn                q - ring of protection from fire
MPRegen 0.10/turn                (no ring)

@: mighty
A: sickness immunity, AC +4, negative energy resistance 1, electricity
resistance, torment resistance 1, petrification resistance
a: no special abilities


You were on level 4 of the Dungeon.
You visited 1 branch of the dungeon, and saw 4 of its levels.

You collected 138 gold pieces.

Inventory:

Hand Weapons
 a - a +0 flail (weapon)
Missiles
 b - 4 poisoned darts (quivered)
 j - 2 boomerangs
 x - 5 atropa-tipped darts
Armour
 c - a +0 buckler (worn)
 s - a +0 helmet (worn)
 t - a +0 chain mail (worn)
Jewellery
 l - a ring of fire
 q - a ring of protection from fire (left hand)
Wands
 u - a wand of digging (6)
Scrolls
 e - a scroll of identify {unknown}
 g - 2 scrolls of magic mapping {unknown}
 k - 5 scrolls of noise {unknown}
 m - a scroll of poison {unknown}
 p - 2 scrolls of teleportation {unknown}
Potions
 f - a potion of brilliance {unknown}
 h - 2 potions of heal wounds {unknown}
 i - 2 potions of flight {unknown}
 n - 2 potions of degeneration {unknown}
 o - a potion of magic {unknown}
 r - 3 potions of attraction {unknown}
 v - 2 potions of curing {unknown}
 w - a potion of berserk rage {unknown}


   Skills:
 + Level 4.4 Fighting
 * Level 4.2 Maces & Flails
 + Level 1.0 Throwing
 + Level 4.3 Armour
 + Level 1.9 Dodging
 - Level 3.2 Shields
 + Level 1.1 Evocations


You had 5 spell levels left.
You didn't know any spells.
Your spell library contained the following spells:

 Spells                   Type           Power      Damage    Failure   Level
 Beastly Appendage        Tmut           0%         N/A       99%         1
 Freeze                   Ice            0%         1d3       99%         1
 Wereblood                Tmut           0%         N/A       100%        2
 Frozen Ramparts          Ice            0%         1d1       100%        3
 Hailstorm                Conj/Ice       0%         3d3       100%        3
 Spider Form              Tmut/Pois      0%         N/A       100%        3


Dungeon Overview and Level Annotations

Branches:
Dungeon (4/15)
 Temple: D:4-7

Altars:
Elyvilon
Ru

Shops:
D:2 =


Innate Abilities, Weirdness & Mutations

You are immune to sickness and miasma.
Your stone body is resilient. (AC +4)
You are immune to poison.
You resist negative energy. (rN+)
You are resistant to electric shocks. (rElec)
You are resistant to unholy torment.
You are immune to petrification.


Message History

Found 5 atropa-tipped darts.
You see here a +0 ring mail.
v - 2 clear potions (gained 1)
x - 5 atropa-tipped darts You hear the rusting of a very distant drain.
Found 8 stones.
You see here 8 stones.
An orc warrior and 3 orcs come into view.
The orc warrior is wielding a +0 long sword and quivering boomerangs of dispersal.
An orc is wielding a +1 morningstar of flaming.
The orc warrior shouts!
The orc shouts! x2
The orc warrior moves out of view.
The orc hits you but does no damage.
You closely miss the orc. The orc hits you with a +0 hand axe.
The orc hits you but does no damage. x2; The orc hits you with a +0 whip.
The orc hits you but does no damage. The orc attacks as you move away!
The orc hits you with a +0 hand axe. The orc closely misses you.
You hit the orc.
The orc is heavily wounded.
You hit the orc warrior but do no damage.
You barely miss the orc warrior.
The orc warrior hits you with a +0 long sword!
You hit the orc warrior but do no damage.
The orc warrior hits you but does no damage.
You feel very mighty all of a sudden.
The orc warrior hits you with a +0 long sword.
You barely miss the orc warrior.
The orc warrior hits you with a +0 long sword. x2
You hit the orc warrior but do no damage.
The orc warrior hits you with a +0 long sword.
You completely miss the orc warrior.
The orc warrior hits you but does no damage.
You barely miss the orc warrior.
The orc warrior hits you with a +0 long sword.
You hit the orc warrior.
The orc warrior is lightly wounded.
The orc warrior hits you with a +0 long sword!
* * * LOW HITPOINT WARNING * * *
The orc warrior hits you with a +0 long sword!
You die...

#### #...## ##
#.....# ##.#.......
#.#........
#oo....... ##o#.....#
#o##..... #@# #####
####.##### #........#
##+##
#.##.###.#######...##
# #.#........#.....#
#.......##........
###.....##........
.###.......+........
..........##........


You could see an orc warrior and 3 orcs.

Vanquished Creatures
  Menkaure (D:4)
  An orc priest (D:3)
  An iguana (D:4)
  Terence (D:3)
  2 orc wizards (D:3)
  3 adders
  A worm (D:3)
  3 dart slugs
  2 orcs (D:3)
  3 ball pythons
  An endoplasm (D:2)
  3 giant cockroaches
  6 goblins
  4 hobgoblins
  3 quokkas
  5 bats
  4 frilled lizards
  7 kobolds
  2 rats
53 creatures vanquished.

Notes
Turn   | Place    | Note
-------+----------+-------------------------------------------
     0 | D:1      | mopl the Gargoyle Fighter began the quest for the Orb.
     0 | D:1      | Reached XP level 1. HP: 14/14 MP: 1/1
   105 | D:1      | Reached XP level 2. HP: 19/19 MP: 2/2
   939 | D:2      | Reached XP level 3. HP: 23/23 MP: 3/3
  1350 | D:2      | Found Viebbosi's Jewellery Shoppe.
  1716 | D:3      | Reached skill level 3 in Maces & Flails
  1716 | D:3      | Reached skill level 1 in Dodging
  1716 | D:3      | Reached XP level 4. HP: 27/29 MP: 4/4
  1736 | D:3      | Found a white marble altar of Elyvilon.
  1819 | D:3      | Noticed Terence
  1827 | D:3      | Killed Terence
  1916 | D:3      | Reached skill level 4 in Fighting
  1916 | D:3      | Reached XP level 5. HP: 14/33 MP: 5/5
  1919 | D:3      | Reached skill level 4 in Armour
  2045 | D:3      | Found a sacrificial altar of Ru.
  2590 | D:4      | Noticed Menkaure
  2595 | D:4      | Killed Menkaure
  2596 | D:4      | Reached skill level 4 in Maces & Flails
  2596 | D:4      | Reached skill level 1 in Throwing
  2596 | D:4      | Reached skill level 1 in Evocations
  2596 | D:4      | Reached XP level 6. HP: 32/39 MP: 6/6
  2644 | D:4      | Noticed an orc warrior
  2661 | D:4      | HP: 1/39 [orc warrior/+0 long sword (14)]
  2661 | D:4      | Mangled by an orc warrior

Illustrated notes

Levels and vault maps discovered:
D:1:      onia_arrival_mini_spirals, layout_basic
D:2:      layout_loops_ring, serial_shops, nicolae_shop_stone,
          hangedman_decor_push
D:3:      layout_loops_corners, nicolae_elyvilon_peaceful_grove,
          nicolae_ru_great_annihilating_truth, uniq_terence
D:4:      layout_loops_corners, kennysheep_mini, gup_sewer_entry_bubbles,
          uniq_pikel, uniq_menkaure, uniq_eustachio

Skill      XL: |  1  2  3  4  5 |
---------------+----------------+-----
Maces & Flails | 3 4 |  4.2
Dodging        | 1 |  1.9
Fighting       | 4 |  4.4
Armour         | 4 |  4.3
Throwing       | 1 |  1.0
Evocations     | 1 |  1.1
Shields        | |  3.2

Action                     |  1- 3 |  4- 6 || total
---------------------------+-------+-------++-------
  Melee: Flail             |   140 |    92 ||   232
    Use: Potion            |       |     1 ||     1
   Stab: Paralysed         |       |     2 ||     2
         Invisible         |       |     1 ||     1
 Armour: Scale mail        |    87 |       ||    87
         Chain mail        |       |    71 ||    71
  Dodge: Dodged            |    77 |    37 ||   114
  Block: Buckler           |    36 |    17 ||    53

Table legend: (Time is in decaauts)
 A = Elapsed time spent in this place.
 B = Non-inter-level travel time spent in this place.
 C = Inter-level travel time spent in this place.
 D = Time resting spent in this place.
 E = Time spent auto-exploring this place.
 F = Levels seen in this place.
 G = Mean time per level.
                   A        B        C        D        E       F      G
               +--------+--------+--------+--------+--------+-----+--------+
         Total |   2728 |   2650 |     78 |     51 |   1914 |   4 |  682.0 |
       Dungeon |   2728 |   2650 |     78 |     51 |   1914 |   4 |  682.0 |
               +--------+--------+--------+--------+--------+-----+--------+

Top non-repeatable levels by time:
     D:3: 1011 daAuts
     D:1: 889 daAuts
     D:2: 626 daAuts
     D:4: 200 daAuts
